 Dungeon Crawl Stone Soup version 0.22-a0-305-gd21a89c (webtiles) character file.

76 medis the Slasher (level 4, -2/28 HPs)
             Began as a Gargoyle Gladiator on Mar 29, 2018.
             Splashed by Ijyb's acid (8 damage)
             ... on level 2 of the Dungeon.
             The game lasted 00:02:04 (1101 turns).

medis the Slasher (Gargoyle Gladiator)              Turns: 1101, Time: 00:02:04

Health: -2/28      AC:  7    Str: 18    XL:     4   Next: 32%
Magic:  4/4        EV: 11    Int:  8    God:
Gold:   124        SH:  0    Dex: 12    Spells: 3/3 levels left

rFire    . . .     SeeInvis .   a - +0 long sword
rCold    . . .     Gourm    .   (no shield)
rNeg     + . .     Faith    .   g - +0 ring mail
rPois    ∞         Spirit   .   c - +0 helmet
rElec    +         Reflect  .   (no cloak)
rCorr    .         Harm     .   q - +0 pair of gloves
MR       .....                  (no boots)
Stlth    +.........             (no amulet)
HPRegen  0.09/turn              (no ring)
MPRegen  0.09/turn              (no ring)

@: corroded
A: negative energy resistance 1, electricity resistance, unbreathing,
petrification resistance, rot immunity, AC +3
a: no special abilities


You were on level 2 of the Dungeon.
You were not hungry.

You visited 1 branch of the dungeon, and saw 2 of its levels.

You collected 124 gold pieces.

Inventory:

Hand Weapons
 a - a +0 long sword (weapon)
Missiles
 d - 3 throwing nets (quivered)
Armour
 c - a +0 helmet (worn)
 g - a +0 ring mail (worn)
 q - a +0 pair of gloves (worn)
Scrolls
 b - a scroll of identify {unknown}
 k - 3 scrolls of remove curse {unknown}
 l - 2 scrolls of fog {unknown}
 m - a scroll of magic mapping {unknown}
 n - a scroll of immolation {unknown}
 p - a scroll of teleportation {unknown}
Potions
 e - a potion of curing {unknown}
 h - 2 potions of haste {unknown}
 i - a potion of agility {unknown}
 o - a potion of magic {unknown}
Comestibles
 f - 2 rations
 j - 4 chunks of flesh


   Skills:
 + Level 3.1 Fighting
 * Level 3.7 Long Blades
 - Level 1.7 Throwing
 + Level 1.8 Armour
 - Level 2.4 Dodging


You had 3 spell levels left.
You didn't know any spells.

Dungeon Overview and Level Annotations

Branches:
Dungeon (2/15)

Altars:
Ru
The Shining One

Annotations:
D:2 Ijyb


Innate Abilities, Weirdness & Mutations

You are resistant to torment.
Your stone body is resilient. (AC +3)
You are immune to poison.
You resist negative energy. (rN+)
You are resistant to electric shocks. (rElec)
You can survive without breathing.
You are immune to petrification.
You are immune to rotting.


Message History

You riposte.
You hit the goblin.
The goblin is severely wounded.
Ijyb hits you but does no damage.
The goblin hits you but does no damage. x2
You hit the goblin.
You kill the goblin!
The goblin misses you.
Ijyb zaps a wand.
The bolt of acid hits you! The acid corrodes you!
You are splashed with acid!
The acid burns!
Ouch! That really hurt!
The bolt of acid hits the goblin.
The goblin is splashed with acid.
The goblin dies!
It is a wand of acid (3).
The goblin hits you but does no damage. x2
You are too injured to fight recklessly!
You are too injured to fight recklessly!
You hit Ijyb but do no damage.
Ijyb is moderately wounded.
Ijyb screams, "I dance on your bones!"
Ijyb zaps a wand.
The bolt of acid hits you!
* * * LOW HITPOINT WARNING * * *
The acid corrodes you!
You are splashed with acid!
The acid burns!
You die...

................# #..#
................# ##..
.###.###.#.#....#######
.# #...#.#.#........[.#
.# #.### ###..........#
.. ... ........$....#
...### ##.........###
... ###.......#
#8.)@g.8# #..g.g..#
#8...(.8# #...)...#
#8.....8# #.......# ###
#8.....8# ... #..(.[..#
### #.#..


You could see Ijyb and 2 goblins.

Vanquished Creatures
  An adder (D:2)
  2 oozes (D:1)
  A worm (D:2)
  2 dart slugs (D:2)
  A leopard gecko (D:1)
  3 giant cockroaches
  6 goblins
  2 hobgoblins (D:1)
  9 jackals
  4 bats
  3 frilled lizards
  7 kobolds
  8 rats
49 creatures vanquished.

Vanquished Creatures (others)
  A goblin (D:2)
1 creature vanquished.

Grand Total: 50 creatures vanquished

Notes
Turn   | Place    | Note
-------+----------+-------------------------------------------
     0 | D:1      | medis the Gargoyle Gladiator began the quest for the Orb.
     0 | D:1      | Reached XP level 1. HP: 12/12 MP: 1/1
    55 | D:1      | Reached XP level 2. HP: 12/18 MP: 2/2
   215 | D:1      | Reached skill level 1 in Armour
   336 | D:1      | Reached XP level 3. HP: 20/22 MP: 3/3
   512 | D:1      | Found a glowing golden altar of the Shining One.
   854 | D:2      | Found a sacrificial altar of Ru.
   932 | D:2      | Reached XP level 4. HP: 20/28 MP: 4/4
  1089 | D:2      | Noticed Ijyb
  1101 | D:2      | Splashed by Ijyb's acid

Vault maps used:
D:1:      eino_arrival_cavern_e, minivault_25, minmay_misc_feat_secret_circle,
          grunt_decor_cap, minmay_misc_feat_rows, minmay_misc_feat_encased,
          tso_metal_star
D:2:      kennysheep_the_goblin_king, overflow_temple_1_default,
          minmay_misc_feat_nine_boxes, kennysheep_generic_room_10

Skill      XL: |  1  2  3 |
---------------+----------+-----
Long Blades    | 3 |  3.7
Armour         | 1 |  1.8
Fighting       | 3 |  3.1
Throwing       | |  1.7
Dodging        | |  2.4

Action                   |  1- 3 |  4- 6 || total
-------------------------+-------+-------++-------
Melee: Long sword        |   100 |    22 ||   122
 Stab: Sleeping          |     1 |       ||     1
  Eat: Chunk             |       |     1 ||     1
Armor: Leather armour    |    10 |       ||    10
       Ring mail         |    50 |    32 ||    82
Dodge: Dodged            |    73 |    28 ||   101
       Rpst.: Long sword |    28 |    15 ||    43

Table legend:
 A = Spawn XP
 B = Non-spawn XP
 C = Spawn XP percentage of total XP
 D = Spawn monster count
 E = Non-spawn monster count
 F = Spawn count percentage of total count
 G = Total turns spent on level
                    A         B        C        D         E        F      G
               +---------+---------+-------+---------+---------+-------+---------
         Total |       0 |     109 |   0.0 |       0 |      49 |   0.0 |  1101
               +---------+---------+-------+---------+---------+-------+---------
           D:1 |       0 |      51 |   0.0 |       0 |      26 |   0.0 |   744
           D:2 |       0 |      58 |   0.0 |       0 |      23 |   0.0 |   357
               +---------+---------+-------+---------+---------+-------+---------
